 Dungeon Crawl Stone Soup version 0.27-a0-1136-g0b992a5a9d (webtiles) character file.

Game seed: 5390517437627644469

1488 voltaire321 the Covert (level 8, -4/57 HPs)
             Began as an Octopode Delver on May 5, 2021.
             Was a Follower of Dithmenos.
             Slain by a vampire (6 damage)
             ... on level 6 of the Dungeon.
             The game lasted 00:13:50 (6564 turns).

voltaire321 the Covert (Octopode Delver)            Turns: 6564, Time: 00:13:51

Health: -4/57      AC:  1    Str: 12    XL:     8   Next: 80%
Magic:  9/9        EV: 15    Int: 12    God:    Dithmenos [*.....]
Gold:   245        SH:  0    Dex: 15    Spells: 7/7 levels left

rFire    . . .     SeeInvis .   u - +2 short sword (elec)
rCold    . . .     Faith    .   (no shield)
rNeg     + . .     Spirit   .   (helmet restricted)
rPois    .         Reflect  .   (no amulet)
rElec    .         Harm     .   k - ring of positive energy
rCorr    .         Rampage  .   (no ring)
Will     .....                  (no ring)
Stlth    +++.......             (no ring)
HPRegen  0.19/turn              (no ring)
MPRegen  0.11/turn              (no ring)
                                (no ring)
                                (no ring)

@: confused, hasted, wreathed by umbra, very quick
A: almost no armour, amphibious, 8 rings, camouflage 1, gelatinous body 1,
(nimble swimmer 1), tentacles
a: Renounce Religion


You were on level 6 of the Dungeon.
You worshipped Dithmenos.
Dithmenos was aware of your devotion.
You visited 1 branch of the dungeon, and saw 6 of its levels.
You also visited: Sewer.

You collected 245 gold pieces.

Inventory:

Hand Weapons
 u - a +2 short sword of electrocution (weapon)
 x - a +0 rapier
Missiles
 a - a throwing net
 i - 45 poisoned darts (quivered)
 p - 6 datura-tipped darts
 w - 4 boomerangs
 y - 2 atropa-tipped darts
Magical Staves
 j - a staff of cold
 A - a staff of poison
Jewellery
 k - a ring of positive energy (left tentacle)
 o - a ring of fire
Wands
 f - a wand of digging (3)
Scrolls
 b - 3 scrolls of fog
 c - 2 scrolls of magic mapping
 d - a scroll of fear
 g - 5 scrolls of teleportation {unknown}
 l - a scroll of noise {unknown}
 m - 2 scrolls of enchant armour {unknown}
 q - a scroll of enchant weapon
 r - a scroll of identify
Potions
 e - 3 potions of haste
 h - 2 potions of attraction
 n - 6 potions of flight
 s - 2 potions of heal wounds {unknown}
 t - 2 potions of lignification {unknown}
 v - 2 potions of curing
 z - 3 potions of brilliance {unknown}


   Skills:
 + Level 5.9 Fighting
 + Level 5.4 Short Blades
 + Level 5.5 Dodging
 + Level 9.8 Stealth
 + Level 2.4 Invocations


You had 7 spell levels left.
You didn't know any spells.
Your spell library contained the following spells:

 Spells                   Type           Power      Damage    Failure   Level
 Animate Skeleton         Necr           0%         N/A       32%         1
 Corona                   Hex            0%         N/A       32%         1
 Magic Dart               Conj           0%         1d3       32%         1
 Pain                     Necr           0%         1d4       32%         1
 Sting                    Tmut/Pois      0%         1d3       32%         1
 Blink                    Tloc           N/A        N/A       45%         2
 Call Imp                 Summ           0%         N/A       45%         2
 Ensorcelled Hibernation  Hex/Ice        0%         N/A       45%         2
 Poisonous Vapours        Pois/Air       0%         N/A       45%         2
 Slow                     Hex            0%         N/A       45%         2
 Confusing Touch          Hex            0%         N/A       69%         3
 Conjure Flame            Conj/Fire      0%         6-21      69%         3
 Dazzling Flash           Conj/Hex       0%         N/A       69%         3
 Gell's Gravitas          Tloc           0%         N/A       69%         3
 Ignite Poison            Fire/Tmut/Pois 0%         N/A       69%         3
 Mephitic Cloud           Conj/Pois/Air  0%         N/A       69%         3
 Tukima's Dance           Hex            0%         N/A       69%         3
 Vampiric Draining        Necr           0%         2d6       69%         3
 Animate Dead             Necr           0%         N/A       97%         4
 Olgreb's Toxic Radiance  Pois           0%         N/A       97%         4
 Petrify                  Tmut/Erth      0%         N/A       97%         4
 Agony                    Necr           0%         N/A       100%        5
 Metabolic Englaciation   Hex/Ice        0%         N/A       100%        5
 Yara's Violent Unravell  Hex/Tmut       0%         3d3       100%        5


Dungeon Overview and Level Annotations

Branches:
Dungeon (6/15)              Sewer (visited)
 Temple: D:4-7

Altars:
Cheibriados
Dithmenos
Fedhas
Hepliaklqana
Kikubaaqudgha
Okawaru
Xom


Innate Abilities, Weirdness & Mutations

You cannot wear most types of armour.
You are amphibious.
You can wear up to eight rings at the same time.
Your skin changes colour to match your surroundings (Stealth+).
Your rubbery body absorbs attacks. (AC +1, EV +1)
((You are camouflaged near water. (Stealth+)))
You have tentacles for arms and can constrict up to eight enemies at once.


Message History

HP restored.
A bullfrog comes into view.
Found a stone staircase leading up.
The helpless bullfrog fails to defend itself.
You impale the bullfrog!! Lightning courses through the bullfrog!
You kill the bullfrog!
Dithmenos accepts your kill.
Your life force feels restored.
A white imp comes into view.
Found a leatherbound book.
The helpless white imp fails to defend itself.
You impale the white imp!!
You kill the white imp!
Dithmenos accepts your kill.
Found a long jewelled staff.
You pick up a book of Minor Magic and begin reading...
You add the spells Magic Dart, Blink, Call Imp, Slow and Conjure Flame to your library.
You see here a staff of poison.
You see here a staff of poison.
A - a staff of poison A vampire comes into view.
The vampire hits you. The vampire closely misses you.
You hit the vampire but do no damage. You grab the vampire.
You constrict the vampire.
The vampire gestures at itself while chanting.
The vampire flickers and vanishes!
Deactivating autopickup; reactivate with Ctrl-A.
You feel yourself speed up.
You constrict something. Something hits you! Something completely misses you.
You hit something but do no damage. You squeeze something!
You constrict something. Something hits you! Something bites you!
* * * LOW HITPOINT WARNING * * *
Something draws strength from your injuries!
You release your grip on something.
You hear some strange, mumbled words.
You are confused.
Something hits you!
* * * LOW HITPOINT WARNING * * *
Something bites you.
You die...

###########......#
#........##......#
#........##......# ##
#........##......####.
#........##...........
#.....................
#........##...........
#........#..........##
#...{@.....###########
#..........#***#######
#######...............
#.#######....... #.#
#....... *#.# #.......
*..# #....... *,##
#....... *,* #.......


There were no monsters in sight!

Vanquished Creatures
  A wraith (D:5)
  Menkaure (D:4)
  A hornet zombie (D:6)
  An ogre (D:4)
  2 kobold brigands (Sewer)
  A bullfrog (D:6)
  2 scorpions (D:5)
  3 wights (D:6)
  2 jellies
  An orc priest (D:3)
  A bullfrog skeleton (D:5)
  2 hounds (D:6)
  A centaur skeleton (D:6)
  3 iguanas (D:5)
  2 gnolls (D:4)
  13 adders
  4 river rats
  A white imp (D:6)
  4 worms
  2 dart slugs (D:1)
  12 orcs
  11 endoplasms
  6 giant cockroaches
  4 goblins
  10 hobgoblins
  13 jackals
  3 quokkas
  5 ball pythons
  6 bats
  2 frilled lizards
  13 kobolds
  13 rats
  A toadstool (D:2)
147 creatures vanquished.

Vanquished Creatures (others)
  5 fungi (D:2)
  4 toadstools (D:2)
9 creatures vanquished.

Grand Total: 156 creatures vanquished

Notes
Turn   | Place    | Note
-------+----------+-------------------------------------------
     0 | D:5      | voltaire321 the Octopode Delver began the quest for the
                  | Orb.
     0 | D:5      | Reached XP level 1. HP: 16/16 MP: 1/1
    10 | D:5      | Noticed an iguana
    29 | D:5      | Killed an iguana
    30 | D:5      | Reached XP level 2. HP: 11/21 MP: 2/2
    30 | D:5      | Reached XP level 3. HP: 13/26 MP: 3/3
   235 | D:4      | Noticed Menkaure
   245 | D:4      | Killed Menkaure
   246 | D:4      | Reached skill level 7 in Stealth
   246 | D:4      | Reached XP level 4. HP: 5/33 MP: 4/4
   246 | D:4      | Reached XP level 5. HP: 5/37 MP: 5/5
   560 | D:4      | Noticed an ogre
  1798 | D:2      | Reached XP level 6. HP: 43/43 MP: 6/6
  2425 | D:1      | Reached skill level 8 in Stealth
  4238 | D:4      | Reached XP level 7. HP: 49/49 MP: 7/7
  4910 | D:5      | Noticed a wraith
  4921 | D:5      | Killed a wraith
  5153 | D:5      | Reached skill level 5 in Fighting
  5243 | D:5      | Reached skill level 9 in Stealth
  5456 | D:5      | Reached XP level 8. HP: 55/55 MP: 8/8
  5646 | D:6      | Found an ancient bone altar of Kikubaaqudgha.
  5651 | D:6      | Found an iron altar of Okawaru.
  5651 | D:6      | Found a snail-covered altar of Cheibriados.
  5655 | D:6      | Found a shadowy altar of Dithmenos.
  5655 | D:6      | Found a blossoming altar of Fedhas.
  5655 | D:6      | Found a hazy altar of Hepliaklqana.
  5655 | D:6      | Found a shimmering altar of Xom.
  5660 | D:6      | Became a worshipper of Dithmenos the Shadowed
  5687 | D:6      | Found a glowing drain.
  5722 | Sewer    | Entered a sewer
  5825 | Sewer    | Reached skill level 5 in Short Blades
  5825 | Sewer    | Reached skill level 5 in Dodging
  5825 | Sewer    | Reached skill level 1 in Invocations
  6034 | Sewer    | Reached * piety under Dithmenos
  6553 | D:6      | Noticed a vampire
  6564 | D:6      | HP: 2/57 [something (15)]
  6564 | D:6      | Slain by a vampire

Illustrated notes

Levels and vault maps discovered:
D:1:      dpeg_arrival_rooms_with_view, layout_basic
D:2:      layout_loops_corners, corexii_hall_statues_s, minmay_gold_behind_fungi
D:3:      mumra_celtic_spiral_tile, layout_loops_ring, grunt_ministairs_10
D:4:      layout_basic, palyth_stone_intersect, uniq_menkaure
D:5:      layout_cave_pools
D:6:      layout_rooms, grunt_temple_overflow_open, portal_sewer_entry_b

Skill      XL: |  1  2  3  4  5  6  7  8 |
---------------+-------------------------+-----
Short Blades   | 3 4 5 |  5.4
Dodging        | 3 4 5 |  5.5
Stealth        | 7 8 9 |  9.8
Fighting       | 4 5 |  5.9
Invocations    | 2 |  2.4

Action                   |  1- 3 |  4- 6 |  7- 9 || total
-------------------------+-------+-------+-------++-------
Melee: Short sword       |     9 |   168 |   104 ||   281
       Tentacles         |     4 |    37 |    19 ||    60
       Constrict         |     2 |    37 |    14 ||    53
  Use: Scroll            |       |       |     6 ||     6
       Potion            |       |       |     1 ||     1
 Stab: Sleeping          |     1 |    38 |    23 ||    62
Armor: Skin              |       |     7 |     2 ||     9
Dodge: Dodged            |     3 |   103 |    49 ||   155

Table legend: (Time is in decaauts)
 A = Elapsed time spent in this place.
 B = Non-inter-level travel time spent in this place.
 C = Inter-level travel time spent in this place.
 D = Time resting spent in this place.
 E = Time spent auto-exploring this place.
 F = Levels seen in this place.
 G = Mean time per level.
                   A        B        C        D        E       F      G
               +--------+--------+--------+--------+--------+-----+--------+
         Total |   6549 |   6402 |    147 |   1850 |   3225 |   7 |  935.6 |
       Dungeon |   6168 |   6021 |    147 |   1781 |   3076 |   6 | 1028.0 |
         Sewer |    380 |    380 |      0 |     69 |    149 |   1 |  380.0 |
               +--------+--------+--------+--------+--------+-----+--------+

Top non-repeatable levels by time:
     D:3: 1389 daAuts
     D:4: 1185 daAuts
     D:2: 1076 daAuts
     D:5: 1002 daAuts
     D:1: 970 daAuts
     D:6: 542 daAuts
   Sewer: 380 daAuts
